 Dungeon Crawl Stone Soup version 0.31-a0-1591-g515db51633 (webtiles) character file.

Game seed: 4296466073215488177

2401 Flugslaktarn the Toxicologist (level 9, -10/53 HPs)
             Began as an Octopode Alchemist on Jan 6, 2024.
             Was an Initiate of Sif Muna.
             Mangled by a two-headed ogre
             ... wielding a +0 giant club
              (17 damage)
             ... on level 8 of the Dungeon.
             The game lasted 00:10:07 (3908 turns).

Flugslaktarn the Toxicologist (Octopode Alchemist)  Turns: 3908, Time: 00:10:08

Health: -10/53     AC:  1    Str: 14    XL:     9   Next: 46%
Magic:  3/19       EV: 13    Int: 21    God:    Sif Muna [......]
Gold:   337        SH:  5    Dex: 12    Spells: 6/21 levels left

rFire   + . .        c - +2 short sword (drain)
rCold   + . .        (no shield)
rNeg    . . .        (helmet restricted)
rPois   .            j - amulet of reflection
rElec   .            p - ring of Qaesir {rF+ rC+ Str+6}
rCorr   .            i - ring of see invisible
SInv    +            (no ring)
Will    .....        (no ring)
Stlth   +++          (no ring)
HPRegen 0.28/turn    (no ring)
MPRegen 0.16/turn    (no ring)
                     (no ring)

%: reflection
@: no status effects
A: almost no armour, amphibious, 8 rings, camouflage 1, gelatinous body 1,
(nimble swimmer 1), tentacles
a: Renounce Religion


You were on level 8 of the Dungeon.
You worshipped Sif Muna.
Sif Muna was noncommittal.
You visited 2 branches of the dungeon, and saw 9 of its levels.

You collected 337 gold pieces.

Inventory:

Hand Weapons
 b - a +0 short sword
   (You took it off a kobold on level 1 of the Dungeon)
 c - a +2 short sword of draining (weapon)
   (You found it on level 2 of the Dungeon)
 f - a +0 vampiric dagger
   (You took it off an orc wizard on level 5 of the Dungeon)
 h - a +2 heavy hand axe
   (You found it on level 4 of the Dungeon)
 m - the +5 dagger of the Bedazzling Asp {holy, rElec rC+ Dex-4}
   (You found it on level 6 of the Dungeon)

   Dex-4:     It affects your dexterity (-4).
   rC+:       It protects you from cold.
   rElec:     It insulates you from electricity.
Missiles
 k - a curare-tipped dart
Jewellery
 i - a ring of see invisible (right tentacle)
   (You found it on level 8 of the Dungeon)
 j - an amulet of reflection (around mantle)
   (You found it on level 4 of the Dungeon)
 p - the ring of Qaesir (left tentacle) {rF+ rC+ Str+6}
   (You found it on level 4 of the Dungeon)

   [ring of protection from fire]

   Str+6:     It affects your strength (+6).
   rF+:       It protects you from fire.
   rC+:       It protects you from cold.
 v - a ring of fire
   (You found it on level 7 of the Dungeon)
Wands
 d - a wand of flame (12)
   (You took it off Ijyb on level 5 of the Dungeon)
 o - a wand of paralysis (5)
   (You found it on level 6 of the Dungeon)
Scrolls
 e - a scroll of enchant armour
 g - 2 scrolls of revelation
 r - 2 scrolls of identify
 t - a scroll of teleportation
 u - a scroll of enchant weapon {unknown}
 y - a scroll of immolation {unknown}
 z - a scroll of blinking
 A - a scroll of vulnerability {unknown}
Potions
 a - a potion of magic
 l - 2 potions of might {unknown}
 n - 2 potions of attraction {unknown}
 q - a potion of berserk rage {unknown}
 s - a potion of brilliance {unknown}
 w - a potion of heal wounds
 x - a potion of mutation {unknown}


   Skills:
 + Level 1.5 Fighting
 - Level 2.0 Dodging
 - Level 2.6 Stealth
 + Level 6.8 Spellcasting
 - Level 1.0 Conjurations
 + Level 1.4 Necromancy
 + Level 1.4 Fire Magic
 - Level 11.1 Alchemy


You had 6 spell levels left.
You knew the following spells:

 Your Spells              Type           Power      Damage    Failure   Level
a - Sting                 Conj/Alch      100%       1d9       1%          1
b - Olgreb's Toxic Radia  Alch           52%        N/A       1%          4
c - Sticky Flame          Fire/Alch      33%        2d7       7%          4
d - Death Channel         Necr           6%         N/A       100%        6

Your spell library contained the following spells:

 Spells                   Type           Power      Damage    Failure   Level
 Mercury Vapours          Alch/Air       60%        N/A       1%          2
 Cigotuvi's Dreadful Rot  Necr/Alch/Air  48%        N/A       2%          2
 Mephitic Cloud           Conj/Alch/Air  24%        N/A       5%          3
 Fugue of the Fallen      Necr           13%        N/A       14%         3
 Ozocubu's Armour         Ice            7%         N/A       26%         3
 Dispel Undead            Necr           13%        3d9       43%         4
 Martyr's Knell           Necr/Summ      10%        N/A       54%         4
 Manifold Assault         Tloc           7%         N/A       65%         4


Dungeon Overview and Level Annotations

Branches:
Dungeon (8/15)             Temple (1/1) D:5
   Lair: D:8-11

Altars:
Ashenzari
Dithmenos
Elyvilon
Gozag
Hepliaklqana
Kikubaaqudgha
Makhleb
Okawaru
Qazlal
Sif Muna
Trog
Uskayaw
Vehumet
Wu Jian
Xom
Yredelemnul
Zin
The Shining One

Annotations:
D:8 Erica


Innate Abilities, Weirdness & Mutations

You cannot wear most types of armour.
You are amphibious.
You can wear up to eight rings at the same time.
Your skin changes colour to match your surroundings (Stealth+).
Your rubbery body absorbs attacks. (AC +1, EV +1)
((You are camouflaged when in or above water. (Stealth+)))
You have tentacles for arms and can constrict up to eight enemies at once.


Message History

Sif Muna accepts your kill.
The gnoll hits you from afar with a +0 spear.
You kill the gnoll!
Sif Muna accepts your kill.
The gnoll is poisoned.
A gnoll comes into view. It is wielding a +0 whip.
Your toxic aura wanes.
The gnoll misses you. The gnoll barely misses you.
Casting: Olgreb's Toxic Radiance (dangerous; 1% risk of failure)
Confirm with . or Enter, or press ? or * to list all spells.
You begin to radiate toxic energy.
The gnoll is poisoned.
The gnoll hits you with a +2 spear of flaming!
The gnoll burns you. The gnoll barely misses you.
You hit the gnoll.
You kill the gnoll!
Sif Muna accepts your kill.
The gnoll looks even sicker.
Your toxic aura wanes.
The gnoll hits you with a +0 whip.
You hit the gnoll.
You kill the gnoll!
Sif Muna accepts your kill.
No target in view!
You see here a +0 whip.
You now have 317 gold pieces (gained 3).
You see here a +2 spear of flaming.
A white imp comes into view.
The white imp moves out of view.
Things that are here:
a +0 whip; a +0 leather armour; a gnoll corpse Unknown command.
Okay, then.
Casting: Olgreb's Toxic Radiance (dangerous; 1% risk of failure)
Confirm with . or Enter, or press ? or * to list all spells.
Aiming: Sting (safe; 1% risk of failure)
Press: ? - help, Shift-Dir - straight line, f - white imp
Aim: a white imp (wandering, hasn't noticed you, 78% to hit)
The sting hits the white imp.
The white imp partially resists.
The white imp is moderately wounded.
The white imp shouts, "Return whence thou came, thou pandering onion-eyed pot-faker!"
The white imp hits you. The white imp freezes you. You resist.
You hit the white imp but do no damage. You grab the white imp.
You squeeze the white imp.
The white imp is moderately wounded.
You constrict the white imp. The white imp gestures at you.
You block the puff of frost... and reflect it back!
The puff of frost hits the white imp.
The white imp resists.
You hit the white imp but do no damage. You squeeze the white imp.
The white imp is severely wounded.
You constrict the white imp. The white imp hits you. The white imp freezes you.
You resist.
You hit the white imp.
The white imp is almost dead.
You constrict the white imp.
You kill the white imp!
Sif Muna accepts your kill.
Found 20 gold pieces.
Found a stone staircase leading down.
Found a sling and a knobbly coral ring.
You now have 337 gold pieces (gained 20).
i - a ring of see invisible;
A - a scroll labelled GOL DYNEAGHA
i - a ring of see invisible (right tentacle)
Found a glowing silver altar of Zin and a shimmering altar of Xom.
An orc comes into view. It is wielding a +0 mace.
A two-headed ogre comes into view. It is wielding two +0 giant clubs.
The two-headed ogre shouts in stereo!
The orc shouts!
Erica the Fiery-Tempered comes into view.
She is wielding a +0 scimitar of flaming.
Found a broken altar of Ashenzari.
An orc comes into view. It is wielding a +0 falchion.
Casting: Sting (safe; 1% risk of failure)
Confirm with . or Enter, or press ? or * to list all spells.
You begin to radiate toxic energy.
Erica shouts!
Erica is poisoned.
The two-headed ogre is poisoned.
The orc shouts!
The orc is poisoned. x2; The two-headed ogre looks even sicker.
Erica mumbles some strange words.
Erica flickers and vanishes for a moment.
The orc looks even sicker. x2
Your toxic aura wanes.
You kill the orc!
Sif Muna accepts your kill.
Erica says, "The claw is nothing compared to the sucker!"
Press: ? - help, v - describe, . - travel
Here: Erica, wielding a +0 scimitar of flaming and wearing a ring of positive energy (lightly wounded, slightly transparent, poisoned)
The floor.
Unknown command.
Unknown command.
Okay, then.
Aiming: Paralyse
Press: ? - help, Shift-Dir - straight line, f - two-headed ogre
Aim: a two-headed ogre, wielding two +0 giant clubs (lightly wounded, very poisoned, chance to affect: 31%)
The two-headed ogre easily resists.
The two-headed ogre hits you with a +0 giant club!!
Ouch! That really hurt!
* * * LOW HITPOINT WARNING * * *
The two-headed ogre hits you with a +0 giant club!
You die...

#.###.#### #.....# .#
......########...## #.
#.######........######.#.
..# #.#####...........
..# ##....####).._. #.# #
#.............. #.#
#.##....####...... #.#
#...>#...##)._..♣. #.#
#.##.....@O..o.... ..# #
#.#.#.####._... ###
...#.#.# ... .####.#.# .
.. ..#.# . #.... #....
#.... #...


You could see a two-headed ogre (very poisoned) and an orc (very poisoned).

Vanquished Creatures
  Jeremiah (D:8)
  A wyvern (D:7)
  A steam dragon (D:7)
  2 water moccasins
  A sky beast (D:6)
  A black bear (D:7)
  A phantom (D:5)
  A kobold brigand (D:7)
  2 bullfrogs (D:7)
  A gnoll sergeant (D:6)
  A scorpion (D:5)
  4 killer bees (D:7)
  A bombardier beetle (D:6)
  2 hounds
  A jelly (D:6)
  3 orc priests
  Ijyb (D:5)
  8 orc wizards
  A sleepcap (D:6)
  A gnoll bouda (D:8)
  An iguana (D:5)
  9 gnolls
  9 adders
  A shadow imp (D:8)
  2 white imps
  2 ufetubi (D:5)
  2 ribbon worms
  26 orcs
  5 endoplasms
  2 goblins (D:2)
  A hobgoblin (D:4)
  11 kobolds
  3 ball pythons
  3 bats
  A frilled lizard (D:1)
  2 rats (D:3)
115 creatures vanquished.

Vanquished Creatures (collateral kills)
  An ogre (D:5)
1 creature vanquished.

Grand Total: 116 creatures vanquished

Notes
Turn   | Place    | Note
-------+----------+-------------------------------------------
     0 | D:1      | Flugslaktarn the Octopode Alchemist began the quest for the
                  | Orb.
     0 | D:1      | Reached XP level 1. HP: 11/11 MP: 3/3
    98 | D:1      | Reached XP level 2. HP: 11/17 MP: 0/5
   224 | D:2      | Reached skill level 4 in Alchemy
   284 | D:2      | Reached XP level 3. HP: 21/21 MP: 3/6
   388 | D:2      | Found a faded altar of an unknown god.
   901 | D:4      | Reached XP level 4. HP: 27/27 MP: 6/8
   915 | D:5      | Entered Level 5 of the Dungeon
   950 | D:5      | Noticed a scorpion
   964 | D:5      | Reached skill level 5 in Alchemy
   973 | D:5      | Killed a scorpion
   974 | D:5      | Reached XP level 5. HP: 23/31 MP: 1/9
  1011 | D:5      | Noticed an ogre
  1020 | D:5      | Killed an ogre
  1021 | D:5      | Reached skill level 6 in Alchemy
  1021 | D:5      | Reached XP level 6. HP: 36/36 MP: 3/11
  1026 | D:5      | Learned a level 4 spell: Olgreb's Toxic Radiance
  1031 | D:5      | Learned a level 4 spell: Sticky Flame
  1281 | D:5      | Noticed Ijyb
  1287 | D:5      | Killed Ijyb
  1288 | D:5      | Reached skill level 7 in Alchemy
  1300 | D:5      | Noticed a water moccasin
  1312 | D:5      | Reached XP level 7. HP: 41/41 MP: 5/13
  1432 | D:5      | Found an ornate altar of the Wu Jian Council.
  1472 | D:6      | Noticed a fire elemental
  1486 | D:6      | Found a stormy altar of Qazlal.
  1488 | D:6      | Noticed a water elemental
  1489 | D:6      | Noticed an air elemental
  1526 | D:6      | Identified the +5 dagger of the Bedazzling Asp {holy, rElec
                  | rC+ Dex-4}
  1554 | D:6      | Reached skill level 8 in Alchemy
  1670 | D:7      | Noticed a wyvern
  1674 | D:7      | Reached skill level 5 in Spellcasting
  1674 | D:7      | Reached XP level 8. HP: 46/46 MP: 1/15
  1675 | D:7      | Killed a wyvern
  1676 | D:7      | Reached skill level 9 in Alchemy
  1945 | D:7      | HP: 2/46 [steam dragon/ball of steam (17)]
  2045 | D:7      | Reached skill level 10 in Alchemy
  2390 | D:6      | Reached XP level 9. HP: 49/51 MP: 10/18
  2516 | D:4      | Identified the ring of Qaesir {rF+ rC+ Str+6}
  3118 | D:7      | Reached skill level 11 in Alchemy
  3562 | D:5      | Found a staircase to the Ecumenical Temple.
  3570 | Temple   | Entered the Ecumenical Temple
  3584 | Temple   | Became a worshipper of Sif Muna the Loreminder
  3700 | D:8      | Learned a level 6 spell: Death Channel
  3780 | D:8      | Noticed Jeremiah
  3794 | D:8      | Killed Jeremiah
  3795 | D:8      | Reached skill level 1 in Fighting
  3795 | D:8      | Reached skill level 1 in Necromancy
  3795 | D:8      | Reached skill level 1 in Fire Magic
  3900 | D:8      | Found a glowing silver altar of Zin.
  3900 | D:8      | Found a shimmering altar of Xom.
  3903 | D:8      | Noticed a two-headed ogre
  3904 | D:8      | Found a broken altar of Ashenzari.
  3904 | D:8      | Noticed Erica
  3908 | D:8      | Mangled by a two-headed ogre

Illustrated notes

Levels and vault maps discovered:
D:1:      saegor_arrival_under_anarchy, layout_basic
D:2:      layout_loops_ring, serial_rivers, chequers_serial_rivers_micro_b,
          chequers_serial_rivers_large_a, chequers_serial_rivers_marsh,
          chequers_serial_rivers_large_b, dreamdust_ecumenical_altar_grove,
          kennysheep_generic_room_14
D:3:      layout_loops_corners, nrook_campfire, grunt_ministairs_7,
          minivault_27, kennysheep_cross_room
D:4:      layout_loops_ring
D:5:      layout_loops_ring, mainiacjoe_overflow_tiny_flanked,
          minmay_temple_entry_enclosed_plants, uniq_ijyb
D:6:      layout_cave_pools, nicolae_qazlal_style_of_elements
D:7:      layout_loops_corners
D:8:      layout_loops_cross, grunt_temple_overflow_open, uniq_erica,
          uniq_joseph, uniq_jeremiah
Temple:   nicolae_temple_figure_eight

Skill      XL: |  1  2  3  4  5  6  7  8  9 |
---------------+----------------------------+-----
Alchemy        | 4 5 6 7 8 10 11 | 11.1
Spellcasting   | 3 4 5 6 |  6.8
Fighting       | 1 |  1.5
Necromancy     | 1 |  1.4
Fire Magic     | 1 |  1.4
Dodging        | |  2.0
Stealth        | |  2.6
Conjurations   | |  1.0

Action                     |  1- 3 |  4- 6 |  7- 9 || total
---------------------------+-------+-------+-------++-------
  Melee: Short sword       |    25 |    21 |    61 ||   107
         Unarmed           |     5 |       |       ||     5
         Tentacles         |     3 |     7 |    17 ||    27
         Constrict         |     3 |     8 |    17 ||    28
         Punch             |       |       |     2 ||     2
   Cast: Sting             |    24 |    27 |    37 ||    88
         Olgreb's Toxic Ra |       |     3 |    29 ||    32
         Sticky Flame      |       |     1 |     4 ||     5
  Evoke: Wand              |       |       |    13 ||    13
    Use: Potion            |       |     4 |     1 ||     5
         Scroll            |       |     4 |     2 ||     6
   Stab: Sleeping          |     3 |       |     1 ||     4
         Distracted        |       |       |     1 ||     1
 Armour: Skin              |     9 |    19 |    52 ||    80
  Dodge: Dodged            |    26 |    32 |    42 ||   100
  Block: Other             |       |    11 |    15 ||    26
         Reflection        |       |       |     2 ||     2

Table legend: (Time is in decaauts)
 A = Elapsed time spent in this place.
 B = Non-inter-level travel time spent in this place.
 C = Inter-level travel time spent in this place.
 D = Time resting spent in this place.
 E = Time spent auto-exploring this place.
 F = Levels seen in this place.
 G = Mean time per level.
                   A        B        C        D        E       F      G
               +--------+--------+--------+--------+--------+-----+--------+
         Total |   3893 |   3148 |    745 |     59 |   1107 |   9 |  432.6 |
       Dungeon |   3866 |   3144 |    722 |     59 |   1107 |   8 |  483.2 |
        Temple |     26 |      3 |     23 |      0 |      0 |   1 |   26.0 |
               +--------+--------+--------+--------+--------+-----+--------+

Top non-repeatable levels by time:
     D:7: 986 daAuts
     D:5: 907 daAuts
     D:4: 553 daAuts
     D:6: 505 daAuts
     D:2: 324 daAuts
     D:8: 249 daAuts
     D:3: 239 daAuts
     D:1: 101 daAuts
  Temple: 26 daAuts
